 Dungeon Crawl Stone Soup version 0.26-a0-1020-ge47f559bc5 (webtiles) character file.

Game seed: 16292655223184921460

268 Ijustatesigmund the Chopper (level 6, -1/42 HPs)
             Began as an Octopode Fighter on Dec 8, 2020.
             Slain by an ogre
             ... wielding a cursed +0 giant club
              (3 damage)
             ... on level 4 of the Dungeon.
             The game lasted 00:04:27 (3480 turns).

Ijustatesigmund the Chopper (Octopode Fighter)      Turns: 3480, Time: 00:04:28

Health: -1/42      AC:  1    Str: 15    XL:     6   Next: 21%
Magic:  6/6        EV: 12    Int: 16    God:
Gold:   183        SH: 10    Dex: 20    Spells: 5/5 levels left

rFire    . . .     SeeInvis .   a - +0 war axe
rCold    . . .     Faith    .   b - +1 kite shield
rNeg     . . .     Spirit   .   (helmet restricted)
rPois    .         Reflect  .   (no amulet)
rElec    .         Harm     .   d - +6 ring of dexterity
rCorr    .         Rampage  .   i - +6 ring of intelligence
Will     .....                  (no ring)
Stlth    +++.......             (no ring)
HPRegen  0.14/turn              (no ring)
MPRegen  0.10/turn              (no ring)
                                (no ring)
                                (no ring)

@: no status effects
A: almost no armour, stealthy swim, amphibious, 8 rings, constrict 8, camouflage
1, gelatinous body 1
a: no special abilities


You were on level 4 of the Dungeon.
You visited 1 branch of the dungeon, and saw 4 of its levels.

You collected 183 gold pieces.

Inventory:

Hand Weapons
 a - a +0 war axe (weapon)
Armour
 b - a +1 kite shield (worn)
Jewellery
 d - a +6 ring of dexterity (left tentacle)
 i - a +6 ring of intelligence (right tentacle)
Wands
 m - a wand of random effects (20)
Scrolls
 e - 4 scrolls of magic mapping
 f - 9 scrolls of remove curse
 g - a scroll of amnesia
 h - a scroll of random uselessness {unknown}
 o - a scroll of identify
Potions
 c - a potion of might
 k - 2 potions of curing
 l - 2 potions of lignification
 n - 2 potions of cancellation {unknown}
 p - a potion of attraction {unknown}


   Skills:
 - Level 3.0 Fighting
 + Level 6.3 Axes
 - Level 3.0 Dodging
 - Level 3.0 Shields


You had 5 spell levels left.
You didn't know any spells.
Your spell library was empty.

Dungeon Overview and Level Annotations

Branches:
Dungeon (4/15)             Temple (0/1) D:4

Altars:
Ashenzari
Sif Muna


Innate Abilities, Weirdness & Mutations

You cannot wear most types of armour.
You are very stealthy in the water. (Stealth+)
You are amphibious.
You can wear up to eight rings at the same time.
You can use your tentacles to constrict eight enemies at once.
Your skin changes colour to match your surroundings (Stealth+).
Your rubbery body absorbs attacks. (AC +1, EV +1)


Message History

You slash the ogre!
The ogre hits you with a cursed +0 giant club!!
Ouch! That really hurt!
* * * LOW HITPOINT WARNING * * *
Okay, then.
Okay, then.
Evoke which item? (* to show all) (? for menu, Esc to quit)
Aiming: Random Effects
Press: ? - help, Shift-Dir - straight line, f - ogre
Aim: an ogre, wielding a +0 giant club (severely wounded)
The ogre flickers and vanishes!
Deactivating autopickup; reactivate with Ctrl-A.
There is a strange disturbance nearby!
Evoke which item? (* to show all) (? for menu, Esc to quit)
Okay, then.
Evoke which item? (* to show all) (? for menu, Esc to quit)
Aiming: Random Effects
Press: ? - help, Shift-Dir - straight line Nothing appears to happen.
Something hits you.
You die...

#......?.....#####.....##..#...
#..........#### ###..#.....##.#
............... #.........###.#
..............[##..............
.#..............#........#..#.#
.............#..#.....####....
##.........#.........# ###.#
......###.....##.#####.#
.......@......##........
....#.{†..#...########.# .
#..>..###...#### #.#
#.....#........###.#
...........#.....#...#
#...###............### #....
#...###.....### ..... #..##
#.....# .. ..## #.....#


There were no monsters in sight!

Vanquished Creatures
  An orc wizard (D:3)
  Jessica (D:3)
  Ijyb (D:3)
  Natasha (D:4)
  2 hound skeletons (D:4)
  Robin (D:3)
  2 adders (D:2)
  An ooze (D:1)
  4 worms
  2 dart slugs
  2 leopard geckos
  7 orcs (D:3)
  6 bats
  8 giant cockroaches
  8 hobgoblins
  7 kobolds
  4 quokkas
  6 frilled lizards
  10 goblins
  A quokka skeleton (D:4)
  8 rats
83 creatures vanquished.

Notes
Turn   | Place    | Note
-------+----------+-------------------------------------------
     0 | D:1      | Ijustatesigmund the Octopode Fighter began the quest for
                  | the Orb.
     0 | D:1      | Reached XP level 1. HP: 16/16 MP: 1/1
    73 | D:1      | Reached XP level 2. HP: 21/21 MP: 2/2
   278 | D:1      | Reached skill level 3 in Axes
   694 | D:1      | Reached XP level 3. HP: 26/26 MP: 3/3
  1167 | D:2      | Reached skill level 4 in Axes
  1258 | D:2      | Reached XP level 4. HP: 27/31 MP: 4/4
  1596 | D:2      | Found a shimmering blue altar of Sif Muna.
  2377 | D:3      | Noticed Jessica
  2383 | D:3      | Killed Jessica
  2384 | D:3      | Reached skill level 5 in Axes
  2384 | D:3      | Reached XP level 5. HP: 36/36 MP: 5/5
  2418 | D:3      | Noticed Ijyb
  2431 | D:3      | Killed Ijyb
  2510 | D:3      | Found a broken altar of Ashenzari.
  2565 | D:3      | Noticed Robin
  2571 | D:3      | Killed Robin
  2711 | D:3      | Found a broken altar of Ashenzari.
  3106 | D:4      | Reached skill level 6 in Axes
  3121 | D:4      | Reached XP level 6. HP: 39/42 MP: 6/6
  3469 | D:4      | Found a staircase to the Ecumenical Temple.
  3471 | D:4      | Noticed Natasha
  3478 | D:4      | Killed Natasha
  3478 | D:4      | HP: 2/42 [ogre/cursed +0 giant club (25)]
  3480 | D:4      | Slain by an ogre

Illustrated notes

Levels and vault maps discovered:
D:1:      lemuel_arrival_muddy, layout_basic
D:2:      layout_basic, lemuel_blue_sif_altar
D:3:      layout_loops_ring, nicolae_overflow_hidden_temple,
          cheibrodos_ashenzari_chains, uniq_robin, uniq_jessica, uniq_ijyb
D:4:      layout_rooms, general_overflow_altar, minitemple,
          minmay_temple_entry_tees, uniq_natasha

Skill      XL: |  1  2  3  4  5 |
---------------+----------------+-----
Axes           | 3 4 5 6 |  6.3
Fighting       | |  3.0
Dodging        | |  3.0
Shields        | |  3.0

Action                   |  1- 3 |  4- 6 || total
-------------------------+-------+-------++-------
Melee: War axe           |    50 |    80 ||   130
       Constrict         |    13 |    19 ||    32
       Tentacles         |    11 |    14 ||    25
Evoke: Wand              |       |     2 ||     2
  Use: Scroll            |     7 |     2 ||     9
       Potion            |       |     1 ||     1
 Stab: Sleeping          |     7 |     4 ||    11
       Distracted        |       |     2 ||     2
Armor: Skin              |       |     3 ||     3
Dodge: Dodged            |    22 |    28 ||    50
Block: Kite shield       |    15 |    34 ||    49

Table legend: (Time is in decaauts)
 A = Elapsed time spent in this place.
 B = Non-inter-level travel time spent in this place.
 C = Inter-level travel time spent in this place.
 D = Time resting spent in this place.
 E = Time spent auto-exploring this place.
 F = Levels seen in this place.
 G = Mean time per level.
                   A        B        C        D        E       F      G
               +--------+--------+--------+--------+--------+-----+--------+
         Total |   3505 |   3389 |    116 |    629 |   2265 |   4 |  876.2 |
       Dungeon |   3505 |   3389 |    116 |    629 |   2265 |   4 |  876.2 |
               +--------+--------+--------+--------+--------+-----+--------+

Top non-repeatable levels by time:
     D:2: 1272 daAuts
     D:3: 1157 daAuts
     D:1: 878 daAuts
     D:4: 197 daAuts
